Devils vs Rangers
Created - January 5, 2020 at 22:36
Goals
|
Devils |
1 |
0 |
1 |
2 |
Rangers |
1 |
2 |
1 |
4 |
|
Shots
|
Devils |
10 |
10 |
7 |
27 |
Rangers |
9 |
16 |
12 |
37 |
|
1st period
1. Devils , Tyler Seguin 11 (Tobias Enstrom 8) at 6:06
2. Rangers , Milan Lucic 19 (Patrice Bergeron 17, Jakob Silfverberg 16) at 19:49 (PP)
Penalties :
Johnny Gaudreau (NJD) for Holding (Minor) at 12:43, Viktor Arvidsson (NJD) for High sticking (Minor) at 16:48, Tyler Bozak (NJD) for High sticking (Minor) at 19:39
2nd period
3. Rangers , Kyle Okposo 11 (Mark Fistric 7, Cam Barker 16) at 13:26 (PP)
4. Rangers , Milan Lucic 20 (Kyle Okposo 7, Tomas Hertl 7) at 19:05
Penalties :
Milan Lucic (NYR) for Tripping (Minor) at 1:35, Milan Lucic (NYR) for Tripping (Minor) at 3:55, Nikita Kucherov (NJD) for Holding (Minor) at 12:08, Milan Lucic (NYR) for Hooking (Minor) at 16:49
3rd period
5. Devils , Johnny Gaudreau 17 (Ryan Johansen 19, Travis Hamonic 8) at 11:09
6. Rangers , Jakob Silfverberg 19 (Patrik Nemeth 5, Kyle Okposo 8) at 19:13 (Empty Net)
Penalties :
James Neal (NYR) for Tripping (Minor) at 1:20, Brandon Burlon (NJD) for Roughing (Minor) at 5:43, Travis Hamonic (NJD) for Tripping (Minor) at 15:01
Goalie Stats
John Gibson (NJD), 33 saves from 36 shots - (0.917), L, 12-12-1, 59:32 minutes
Frederik Andersen (NYR), 25 saves from 27 shots - (0.926), W, 14-8-2, 60:00 minutes
Players Stats for Devils
Player Name G A P +/- PIM S H SB GA TA FO MP PP MP PK MP
------------------------------------------------------------------------------------
Anthony Stewart 0 0 0 0 0 3 0 1 0 0 0/1 9:15 0:14 1:00
Brandon Burlon 0 0 0 0 2 1 0 0 0 0 0/0 15:22 0:00 3:22
Carl Gunnarsson 0 0 0 0 0 0 0 0 0 0 0/0 10:37 2:24 0:00
Cody Hodgson 0 0 0 -1 0 2 1 0 0 0 7/10 10:44 0:14 0:00
Gabriel Landeskog 0 0 0 1 0 0 1 0 0 0 0/1 17:10 3:42 0:45
Johnny Gaudreau 1 0 1 -1 2 2 3 0 1 1 1/1 17:17 4:00 0:00
Kellan Lain 0 0 0 0 0 4 1 0 0 0 0/0 7:54 0:14 0:00
Ladislav Smid 0 0 0 1 0 2 1 1 2 2 0/0 27:52 4:42 5:24
Marian Hossa 0 0 0 0 0 0 1 0 0 1 0/0 10:49 0:00 2:32
Nikita Kucherov 0 0 0 0 2 4 0 0 1 1 1/2 16:43 4:00 0:00
Pernell Karl Subban 0 0 0 -1 0 0 1 1 0 0 0/0 19:17 3:58 2:01
Rostislav Olesz 0 0 0 0 0 2 3 0 0 0 1/2 15:01 0:00 6:02
Ryan Johansen 0 1 1 0 0 0 2 1 2 0 20/39 23:36 4:00 5:57
Tobias Enstrom 0 1 1 -1 0 0 2 0 2 0 0/0 25:17 4:41 4:00
Travis Hamonic 0 1 1 1 2 2 1 0 1 1 0/0 22:18 0:07 4:01
Tyler Bozak 0 0 0 0 2 2 1 0 0 0 4/6 8:19 0:00 2:32
Tyler Seguin 1 0 1 1 0 2 2 1 1 0 8/12 16:04 3:42 0:00
Viktor Arvidsson 0 0 0 0 2 1 1 0 1 0 0/0 16:55 3:42 0:00
Players Stats for Rangers
Player Name G A P +/- PIM S H SB GA TA FO MP PP MP PK MP
------------------------------------------------------------------------------------
Cam Barker 0 1 1 0 0 3 1 0 0 2 0/0 28:29 4:05 4:23
Chris Bourque 0 0 0 -1 0 2 2 1 0 1 1/2 10:07 1:32 2:00
Colten Teubert 0 0 0 1 0 0 4 1 0 0 0/0 13:48 0:00 3:19
Gustav Nyquist 0 0 0 0 0 0 1 2 0 0 0/1 10:43 0:00 0:00
Jakob Silfverberg 1 1 2 1 0 3 0 0 0 1 1/1 14:58 4:54 0:00
James Neal 0 0 0 0 2 3 0 0 0 1 0/1 15:07 4:30 0:41
Kyle Okposo 1 2 3 0 0 3 1 0 0 0 1/1 16:44 4:30 0:00
Luke Schenn 0 0 0 0 0 1 3 2 1 2 0/0 27:38 5:19 3:19
Magnus Paajarvi-Svensson 0 0 0 0 0 4 0 0 1 0 0/0 12:53 0:00 2:43
Mark Fistric 0 1 1 -1 0 1 1 1 0 1 0/0 19:39 2:33 4:37
Matt Greene 0 0 0 -1 0 1 0 0 0 1 0/0 12:09 0:00 0:14
Matt Read 0 0 0 1 0 0 4 2 1 1 0/0 11:01 0:00 1:33
Maxime Sauvé 0 0 0 0 0 2 1 0 0 1 6/11 11:01 0:00 1:33
Milan Lucic 2 0 2 0 6 5 2 0 2 0 0/0 22:42 4:54 0:59
Patrice Bergeron 0 1 1 0 0 2 0 1 0 0 13/28 19:15 4:54 3:31
Patrik Nemeth 0 1 1 1 0 0 1 1 0 0 0/0 10:37 0:00 0:00
Sean Couturier 0 0 0 0 0 3 3 0 0 0 5/14 18:48 4:30 2:43
Tomas Hertl 0 1 1 -1 0 4 2 0 1 0 5/15 16:21 5:19 0:09
3 Stars
1 - Kyle Okposo (NYR)
2 - Jakob Silfverberg (NYR)
3 - Tyler Seguin (NJD)
Power Play
Devils - 0 on 4 Attempt(s) - 0.00%
Rangers - 2 on 6 Attempt(s) - 33.33%
Penalty Kill
Devils - 4 on 6 Attempt(s) - 66.67%
- Score 0 goal in Penalty Kill
Rangers - 4 on 4 Attempt(s) - 100.00%
- Score 0 goal in Penalty Kill
Team Stat
Devils - Hits : 21 - Faceoff Wins : 42 - Blocked Shots : 5 - Penalty Minutes : 12
Rangers - Hits : 26 - Faceoff Wins : 32 - Blocked Shots : 11 - Penalty Minutes : 8
Official
Referees : Unknown
Linesman : Unknown
Game Notes
Chris Bourque is injured at 9:56 of 2nd period (Strained Left Knee)
Jakob Silfverberg has scored in a empty net!
Finance
Level 1 -- Attendance: 5580 (93.00%) -- Ticket Income $530,100
Level 2 -- Attendance: 4551 (91.02%) -- Ticket Income $273,060
Level 3 -- Attendance: 2000 (100.00%) -- Ticket Income $70,000
Level 4 -- Attendance: 3760 (94.00%) -- Ticket Income $94,000
Luxury Box -- Attendance: 1000 (100.00%) -- Ticket Income $180,000
Game was played at the Madison Square Garden.
Total Attendance: 16891 (93.84%)
Total Ticket Income: $1,147,160
Other Income: $172,074
Total Income: $1,319,234
Devils
5 vs 5 Forward
Center Left Wing Right Wing Time % Phy DF OF
1 Ryan Johansen Johnny Gaudreau Viktor Arvidsson 40 1 2 2
2 Tyler Seguin Gabriel Landeskog Nikita Kucherov 30 1 2 2
3 Cody Hodgson Rostislav Olesz Marian Hossa 20 1 2 2
4 Tyler Bozak Kellan Lain Anthony Stewart 10 1 2 2
5 vs 5 Defense
Defense Defense Time % Phy DF OF
1 Travis Hamonic Ladislav Smid 40 1 2 2
2 Tobias Enstrom Pernell Karl Subban 30 1 2 2
3 Brandon Burlon Carl Gunnarsson 20 1 2 2
4 Tobias Enstrom Brandon Burlon 10 1 2 2
PowerPlay Forward
Center Left Wing Right Wing Time % Phy DF OF
1 Ryan Johansen Johnny Gaudreau Nikita Kucherov 60 0 0 5
2 Tyler Seguin Gabriel Landeskog Viktor Arvidsson 40 0 0 5
PowerPlay Defense
Defense Defense Time % Phy DF OF
1 Tobias Enstrom Ladislav Smid 60 1 2 2
2 Ladislav Smid Pernell Karl Subban 40 1 2 2
Penalty Kill 4 Players Forward
Center Wing Time % Phy DF OF
1 Ryan Johansen Rostislav Olesz 60 1 2 2
2 Tyler Bozak Marian Hossa 40 1 2 2
Penalty Kill 4 Players Defense
Defense Defense Time % Phy DF OF
1 Ladislav Smid Travis Hamonic 60 1 2 2
2 Tobias Enstrom Brandon Burlon 40 1 2 2
Penalty Kill - 3 Players Forward
Forward Time % Phy DF OF
1 Cody Hodgson 60 1 2 2
2 Rostislav Olesz 40 1 2 2
Penalty Kill - 3 Players Defense
Defense Defense Time % Phy DF OF
1 Ladislav Smid Travis Hamonic 60 1 2 2
2 Tobias Enstrom Pernell Karl Subban 40 1 2 2
4 vs 4 Forward
Center Wing Time % Phy DF OF
1 Cody Hodgson Johnny Gaudreau 60 1 2 2
2 Ryan Johansen Marian Hossa 40 1 2 2
4 vs 4 Defense
Defense Defense Time % Phy DF OF
1 Tobias Enstrom Ladislav Smid 60 1 2 2
2 Travis Hamonic Ladislav Smid 40 1 2 2
Last Minutes Offensive
Center Left Wing Right Wing Defense Defense
Cody Hodgson Johnny Gaudreau Viktor Arvidsson Pernell Karl Subban Tobias Enstrom
Last Minutes Defensive
Center Left Wing Right Wing Defense Defense
Ryan Johansen Kellan Lain Marian Hossa Pernell Karl Subban Tobias Enstrom
Goaltenders
Starting : John Gibson
Backup : Keith Kinkaid
Extra Forwards
Normal : Cody Hodgson, Johnny Gaudreau, Gabriel Landeskog - PP : Gabriel Landeskog, Cody Hodgson - PK : Anthony Stewart
Extra Defensemen
Normal : Ladislav Smid, Brandon Burlon, Tobias Enstrom - PP : Ladislav Smid - PK : Brandon Burlon, Tobias Enstrom
Penalty Shots
Johnny Gaudreau, Nikita Kucherov, Viktor Arvidsson, Ryan Johansen, Tyler Seguin
Scratches
Shea Weber (Suspend)
Rangers
5 vs 5 Forward
Center Left Wing Right Wing Time % Phy DF OF
1 Patrice Bergeron Milan Lucic Gustav Nyquist 30 1 2 2
2 Sean Couturier James Neal Jakob Silfverberg 30 1 2 2
3 Tomas Hertl Chris Bourque Kyle Okposo 30 1 2 2
4 Maxime Sauvé Magnus Paajarvi-Svensson Matt Read 10 1 2 2
5 vs 5 Defense
Defense Defense Time % Phy DF OF
1 Luke Schenn Cam Barker 40 1 2 2
2 Mark Fistric Matt Greene 30 1 2 2
3 Colten Teubert Patrik Nemeth 20 1 2 2
4 Luke Schenn Cam Barker 10 1 2 2
PowerPlay Forward
Center Left Wing Right Wing Time % Phy DF OF
1 Patrice Bergeron Milan Lucic Jakob Silfverberg 60 1 2 2
2 Sean Couturier James Neal Kyle Okposo 40 1 2 2
PowerPlay Defense
Defense Defense Time % Phy DF OF
1 Luke Schenn Tomas Hertl 60 1 2 2
2 Cam Barker Chris Bourque 40 1 2 2
Penalty Kill 4 Players Forward
Center Wing Time % Phy DF OF
1 Patrice Bergeron Milan Lucic 60 1 2 2
2 Matt Read Maxime Sauvé 40 1 2 2
Penalty Kill 4 Players Defense
Defense Defense Time % Phy DF OF
1 Cam Barker Mark Fistric 60 1 2 2
2 Luke Schenn Colten Teubert 40 1 2 2
Penalty Kill - 3 Players Forward
Forward Time % Phy DF OF
1 Patrice Bergeron 60 1 2 2
2 Maxime Sauvé 40 1 2 2
Penalty Kill - 3 Players Defense
Defense Defense Time % Phy DF OF
1 Cam Barker Mark Fistric 60 1 2 2
2 Luke Schenn Colten Teubert 40 1 2 2
4 vs 4 Forward
Center Wing Time % Phy DF OF
1 Tomas Hertl Gustav Nyquist 60 1 2 2
2 Sean Couturier Milan Lucic 40 1 2 2
4 vs 4 Defense
Defense Defense Time % Phy DF OF
1 Mark Fistric Colten Teubert 60 1 2 2
2 Matt Greene Patrik Nemeth 40 1 2 2
Last Minutes Offensive
Center Left Wing Right Wing Defense Defense
Sean Couturier Milan Lucic Jakob Silfverberg Luke Schenn James Neal
Last Minutes Defensive
Center Left Wing Right Wing Defense Defense
Matt Read Jakob Silfverberg Kyle Okposo Cam Barker Mark Fistric
Goaltenders
Starting : Frederik Andersen
Backup : Mike Condon
Extra Forwards
Normal : Milan Lucic, Jakob Silfverberg, Kyle Okposo - PP : Milan Lucic, Jakob Silfverberg - PK : Milan Lucic
Extra Defensemen
Normal : Mark Fistric, Cam Barker, Luke Schenn - PP : Mark Fistric - PK : Cam Barker, Mark Fistric
Penalty Shots
Milan Lucic, Jakob Silfverberg, Patrice Bergeron, Sean Couturier, Matt Read
Scratches
Alexei Emelin (Healthy)
% Time on Ice - Devils
Lines # - Real PCT - Wanted PCT - Time Play
Normal Forward
1 - 38% - 40% - 15:55
2 - 29% - 30% - 12:25
3 - 19% - 20% - 8:14
4 - 14% - 10% - 5:45
Normal Defense
1 - 44% - 40% - 18:36
2 - 32% - 30% - 13:28
3 - 18% - 20% - 7:27
4 - 7% - 10% - 2:48
PP Forward
1 - 53% - 60% - 4:14
2 - 47% - 40% - 3:42
PP Defense
1 - 64% - 60% - 5:06
2 - 36% - 40% - 2:50
PK Forward
1 - 73% - 60% - 6:52
2 - 27% - 40% - 2:32
PK Defense
1 - 64% - 60% - 6:00
2 - 36% - 40% - 3:24
PK3 Forward
1 - 0% - 60%
2 - 0% - 40%
PK3 Defense
1 - 0% - 60%
2 - 0% - 40%
44 Forward
1 - 0% - 60%
2 - 0% - 40%
44 Defense
1 - 0% - 60%
2 - 0% - 40%
Last Minute Offensive - 0:21
Last Minute Defensive - 0:00
Total
Forward - 60:00
Defense - 60:00
|
% Time on Ice - Rangers
Lines # - Real PCT - Wanted PCT - Time Play
Normal Forward
1 - 29% - 30% - 12:29
2 - 24% - 30% - 10:18
3 - 25% - 30% - 10:25
4 - 22% - 10% - 9:08
Normal Defense
1 - 42% - 40% - 17:49
2 - 31% - 30% - 13:08
3 - 24% - 20% - 10:17
4 - 3% - 10% - 1:06
PP Forward
1 - 52% - 60% - 4:54
2 - 48% - 40% - 4:30
PP Defense
1 - 57% - 60% - 5:19
2 - 43% - 40% - 4:05
PK Forward
1 - 80% - 60% - 6:23
2 - 20% - 40% - 1:33
PK Defense
1 - 58% - 60% - 4:37
2 - 42% - 40% - 3:19
PK3 Forward
1 - 0% - 60%
2 - 0% - 40%
PK3 Defense
1 - 0% - 60%
2 - 0% - 40%
44 Forward
1 - 0% - 60%
2 - 0% - 40%
44 Defense
1 - 0% - 60%
2 - 0% - 40%
Last Minute Offensive - 0:00
Last Minute Defensive - 0:20
Total
Forward - 60:00
Defense - 60:00
|
Play-by-Play
1st period
0:01 of 1st period - Ryan Johansen wins face-off versus Patrice Bergeron in neutral zone.
1:03 of 1st period - Icing by Luke Schenn.
1:04 of 1st period - Maxime Sauvé wins face-off versus Tyler Bozak in Rangers zone.
1:04 of 1st period - Maxime Sauvé is hit by Tyler Bozak.
1:55 of 1st period - Snap shot by Tomas Hertl.
1:55 of 1st period - Stopped by John Gibson without a rebound.
1:56 of 1st period - Tomas Hertl wins face-off versus Ryan Johansen in Devils zone.
2:23 of 1st period - Gabriel Landeskog is hit by Colten Teubert and loses puck.
2:32 of 1st period - Slapshot by Nikita Kucherov.
2:32 of 1st period - Stopped by Frederik Andersen with a rebound.
2:42 of 1st period - Snap shot by Rostislav Olesz.
2:42 of 1st period - Shot Blocked by Colten Teubert.
2:44 of 1st period - Snap shot by Ladislav Smid.
2:44 of 1st period - Stopped by Frederik Andersen with a rebound.
3:09 of 1st period - Off-side.
3:10 of 1st period - Patrice Bergeron wins face-off versus Ryan Johansen in neutral zone.
3:22 of 1st period - Slapshot by Johnny Gaudreau.
3:22 of 1st period - Shot Blocked by Gustav Nyquist.
3:24 of 1st period - Slapshot by Travis Hamonic.
3:24 of 1st period - Shot Misses the Net.
3:36 of 1st period - Travis Hamonic is hit by Tomas Hertl.
3:44 of 1st period - Slapshot by Chris Bourque.
3:44 of 1st period - Stopped by John Gibson with a rebound.
4:06 of 1st period - Snap shot by Cody Hodgson.
4:06 of 1st period - Deflect By Rostislav Olesz.
4:06 of 1st period - Shot Misses the Net.
4:06 of 1st period - Puck is out of play.
4:07 of 1st period - Ryan Johansen wins face-off versus Gustav Nyquist in Rangers zone.
4:10 of 1st period - Slapshot by Johnny Gaudreau.
4:10 of 1st period - Shot Misses the Net.
4:34 of 1st period - Mark Fistric is hit by Tyler Seguin and loses puck.
4:55 of 1st period - Jakob Silfverberg is hit by Cody Hodgson and loses puck.
5:06 of 1st period - Luke Schenn is hit by Rostislav Olesz and loses puck.
6:06 of 1st period - Snap shot by Tyler Seguin.
6:06 of 1st period - Goal by Tyler Seguin - Devils : 1 - Rangers : 0.
6:07 of 1st period - Ryan Johansen wins face-off versus Tomas Hertl in neutral zone.
6:45 of 1st period - Icing by James Neal.
6:46 of 1st period - Cody Hodgson wins face-off versus Sean Couturier in Rangers zone.
7:41 of 1st period - Off-side.
7:42 of 1st period - Tyler Seguin wins face-off versus Sean Couturier in neutral zone.
7:47 of 1st period - Wrist shot by Nikita Kucherov.
7:47 of 1st period - Stopped by Frederik Andersen without a rebound.
7:48 of 1st period - Ryan Johansen wins face-off versus Sean Couturier in Rangers zone.
7:49 of 1st period - Wrist shot by Johnny Gaudreau.
7:49 of 1st period - Stopped by Frederik Andersen with a rebound.
7:55 of 1st period - Wrist shot by Johnny Gaudreau.
7:55 of 1st period - Shot Blocked by Luke Schenn.
8:01 of 1st period - Pernell Karl Subban is hit by Luke Schenn and loses puck.
8:41 of 1st period - Snap shot by Tomas Hertl.
8:41 of 1st period - Stopped by John Gibson without a rebound.
8:42 of 1st period - Ryan Johansen wins face-off versus Tomas Hertl in Devils zone.
8:42 of 1st period - Ryan Johansen is hit by Colten Teubert.
8:48 of 1st period - Wrist shot by Johnny Gaudreau.
8:48 of 1st period - Shot Misses the Net.
9:08 of 1st period - Marian Hossa is hit by Milan Lucic and loses puck.
9:56 of 1st period - Wrist shot by Johnny Gaudreau.
9:56 of 1st period - Shot Misses the Net.
9:58 of 1st period - Slapshot by Brandon Burlon.
9:58 of 1st period - Stopped by Frederik Andersen with a rebound.
10:12 of 1st period - Slapshot by Tyler Bozak.
10:12 of 1st period - Stopped by Frederik Andersen without a rebound.
10:13 of 1st period - Tyler Seguin wins face-off versus Chris Bourque in Rangers zone.
10:14 of 1st period - Slapshot by Nikita Kucherov.
10:14 of 1st period - Stopped by Frederik Andersen without a rebound.
10:15 of 1st period - Tyler Seguin wins face-off versus Patrice Bergeron in Rangers zone.
10:52 of 1st period - Off-side.
10:53 of 1st period - Tomas Hertl wins face-off versus Cody Hodgson in neutral zone.
10:55 of 1st period - Off-side.
10:56 of 1st period - Cody Hodgson wins face-off versus Tomas Hertl in neutral zone.
12:36 of 1st period - Snap shot by Kyle Okposo.
12:36 of 1st period - Stopped by John Gibson without a rebound.
12:37 of 1st period - Patrice Bergeron wins face-off versus Ryan Johansen in Devils zone.
12:43 of 1st period - Minor Penalty to Johnny Gaudreau for Holding.
12:44 of 1st period - Ryan Johansen wins face-off versus Patrice Bergeron in Devils zone.
12:47 of 1st period - Off-side.
12:48 of 1st period - Jakob Silfverberg wins face-off versus Ryan Johansen in neutral zone.
14:43 of 1st period - Penalty to Johnny Gaudreau is over, Johnny Gaudreau is back on ice.
14:51 of 1st period - Pernell Karl Subban is hit by Matt Read and loses puck.
15:00 of 1st period - Patrik Nemeth is hit by Tobias Enstrom and loses puck.
15:19 of 1st period - Wrist shot by Kellan Lain.
15:19 of 1st period - Stopped by Frederik Andersen with a rebound.
15:25 of 1st period - Pernell Karl Subban is hit by Maxime Sauvé and loses puck.
15:30 of 1st period - Snap shot by Matt Read.
15:30 of 1st period - Deflect By Maxime Sauvé.
15:30 of 1st period - Stopped by John Gibson without a rebound.
15:31 of 1st period - Ryan Johansen wins face-off versus Tomas Hertl in Devils zone.
16:25 of 1st period - Snap shot by James Neal.
16:25 of 1st period - Stopped by John Gibson with a rebound.
16:27 of 1st period - Snap shot by James Neal.
16:27 of 1st period - Stopped by John Gibson without a rebound.
16:28 of 1st period - Patrice Bergeron wins face-off versus Ryan Johansen in Devils zone.
16:43 of 1st period - Snap shot by Milan Lucic.
16:43 of 1st period - Shot Misses the Net.
16:48 of 1st period - Minor Penalty to Viktor Arvidsson for High sticking.
16:49 of 1st period - Ryan Johansen wins face-off versus Patrice Bergeron in Devils zone.
16:52 of 1st period - Off-side.
16:53 of 1st period - Patrice Bergeron wins face-off versus Ryan Johansen in neutral zone.
17:31 of 1st period - Snap shot by Jakob Silfverberg.
17:31 of 1st period - Stopped by John Gibson without a rebound.
17:32 of 1st period - Kyle Okposo wins face-off versus Ryan Johansen in Devils zone.
18:48 of 1st period - Penalty to Viktor Arvidsson is over, Viktor Arvidsson is back on ice.
18:59 of 1st period - Viktor Arvidsson is hit by Chris Bourque and loses puck.
19:27 of 1st period - Icing by Magnus Paajarvi-Svensson.
19:28 of 1st period - Tyler Bozak wins face-off versus Maxime Sauvé in Rangers zone.
19:29 of 1st period - Wrist shot by Anthony Stewart.
19:29 of 1st period - Stopped by Frederik Andersen with a rebound.
19:39 of 1st period - Minor Penalty to Tyler Bozak for High sticking.
19:40 of 1st period - Ryan Johansen wins face-off versus Patrice Bergeron in Devils zone.
19:49 of 1st period - Snap shot by Milan Lucic.
19:49 of 1st period - Deflect By Rostislav Olesz.
19:49 of 1st period - Goal by Milan Lucic - Devils : 1 - Rangers : 1.
19:50 of 1st period - Chris Bourque wins face-off versus Ryan Johansen in neutral zone.
Goals for this period are 1 for Devils vs 1 for Rangers.
Shots for this period are 10 for Devils vs 9 for Rangers.
2nd period
0:01 of 2nd period - Sean Couturier wins face-off versus Ryan Johansen in neutral zone.
0:12 of 2nd period - Slapshot by Cam Barker.
0:12 of 2nd period - Stopped by John Gibson without a rebound.
0:13 of 2nd period - Tomas Hertl wins face-off versus Ryan Johansen in Devils zone.
0:16 of 2nd period - Snap shot by Chris Bourque.
0:16 of 2nd period - Stopped by John Gibson with a rebound.
0:18 of 2nd period - Wrist shot by Cam Barker.
0:18 of 2nd period - Deflect By Johnny Gaudreau.
0:18 of 2nd period - Stopped by John Gibson without a rebound.
0:19 of 2nd period - Ryan Johansen wins face-off versus Tomas Hertl in Devils zone.
0:30 of 2nd period - Snap shot by Tomas Hertl.
0:30 of 2nd period - Stopped by John Gibson with a rebound.
0:32 of 2nd period - Snap shot by Tomas Hertl.
0:32 of 2nd period - Stopped by John Gibson without a rebound.
0:33 of 2nd period - Ryan Johansen wins face-off versus Sean Couturier in Devils zone.
0:33 of 2nd period - Ryan Johansen is hit by Sean Couturier.
0:59 of 2nd period - Cam Barker is hit by Rostislav Olesz and loses puck.
1:13 of 2nd period - Icing by Luke Schenn.
1:14 of 2nd period - Ryan Johansen wins face-off versus Patrice Bergeron in Rangers zone.
1:35 of 2nd period - Minor Penalty to Milan Lucic for Tripping.
1:36 of 2nd period - Patrice Bergeron wins face-off versus Ryan Johansen in Rangers zone.
3:01 of 2nd period - Sean Couturier is hit by Ryan Johansen.
3:35 of 2nd period - Penalty to Milan Lucic is over, Milan Lucic is back on ice.
3:43 of 2nd period - Snap shot by Anthony Stewart.
3:43 of 2nd period - Stopped by Frederik Andersen with a rebound.
3:55 of 2nd period - Minor Penalty to Milan Lucic for Tripping.
3:56 of 2nd period - Patrice Bergeron wins face-off versus Nikita Kucherov in Rangers zone.
4:55 of 2nd period - Luke Schenn is hit by Ryan Johansen and loses puck.
5:55 of 2nd period - Penalty to Milan Lucic is over, Milan Lucic is back on ice.
6:01 of 2nd period - Carl Gunnarsson is hit by Sean Couturier and loses puck.
6:08 of 2nd period - Carl Gunnarsson is hit by Chris Bourque and loses puck.
6:52 of 2nd period - Backhand shot by Kellan Lain.
6:52 of 2nd period - Stopped by Frederik Andersen with a rebound.
6:54 of 2nd period - Slapshot by Brandon Burlon.
6:54 of 2nd period - Shot Blocked by Patrik Nemeth.
6:56 of 2nd period - Backhand shot by Ladislav Smid.
6:56 of 2nd period - Shot Misses the Net.
6:58 of 2nd period - Slapshot by Pernell Karl Subban.
6:58 of 2nd period - Shot Misses the Net.
7:08 of 2nd period - Patrik Nemeth is hit by Tobias Enstrom and loses puck.
7:17 of 2nd period - Snap shot by Milan Lucic.
7:17 of 2nd period - Shot Misses the Net.
7:19 of 2nd period - Wrist shot by Sean Couturier.
7:19 of 2nd period - Shot Misses the Net.
7:31 of 2nd period - Wrist shot by Milan Lucic.
7:31 of 2nd period - Stopped by John Gibson without a rebound.
7:32 of 2nd period - Tyler Seguin wins face-off versus Maxime Sauvé in Devils zone.
7:43 of 2nd period - Wrist shot by Travis Hamonic.
7:43 of 2nd period - Stopped by Frederik Andersen without a rebound.
7:44 of 2nd period - Maxime Sauvé wins face-off versus Tyler Seguin in Rangers zone.
8:16 of 2nd period - Wrist shot by Patrice Bergeron.
8:16 of 2nd period - Stopped by John Gibson without a rebound.
8:17 of 2nd period - Ryan Johansen wins face-off versus Maxime Sauvé in Devils zone.
8:30 of 2nd period - Wrist shot by Magnus Paajarvi-Svensson.
8:30 of 2nd period - Stopped by John Gibson without a rebound.
8:31 of 2nd period - Maxime Sauvé wins face-off versus Gabriel Landeskog in Devils zone.
8:36 of 2nd period - Wrist shot by Nikita Kucherov.
8:36 of 2nd period - Stopped by Frederik Andersen without a rebound.
8:37 of 2nd period - Maxime Sauvé wins face-off versus Tyler Seguin in Rangers zone.
8:37 of 2nd period - Maxime Sauvé is hit by Tyler Seguin.
8:59 of 2nd period - Slapshot by Ladislav Smid.
8:59 of 2nd period - Shot Blocked by Matt Read.
9:14 of 2nd period - Slapshot by Magnus Paajarvi-Svensson.
9:14 of 2nd period - Stopped by John Gibson with a rebound.
9:16 of 2nd period - Wrist shot by Matt Read.
9:16 of 2nd period - Shot Misses the Net.
9:18 of 2nd period - Snap shot by Maxime Sauvé.
9:18 of 2nd period - Deflect By Nikita Kucherov.
9:18 of 2nd period - Stopped by John Gibson without a rebound.
9:19 of 2nd period - Cody Hodgson wins face-off versus Patrice Bergeron in Devils zone.
9:28 of 2nd period - Slapshot by Rostislav Olesz.
9:28 of 2nd period - Shot Misses the Net.
9:40 of 2nd period - Rostislav Olesz is hit by Milan Lucic.
9:54 of 2nd period - Snap shot by Tyler Bozak.
9:54 of 2nd period - Stopped by Frederik Andersen without a rebound.
9:55 of 2nd period - Tyler Bozak wins face-off versus Tomas Hertl in Rangers zone.
9:56 of 2nd period - Wrist shot by Kellan Lain.
9:56 of 2nd period - Shot Blocked by Chris Bourque.
9:56 of 2nd period - Chris Bourque from Rangers is injured at 9:56 of 2nd period (Strained Left Knee).
9:57 of 2nd period - Tomas Hertl wins face-off versus Tyler Seguin in Rangers zone.
10:04 of 2nd period - Snap shot by Milan Lucic.
10:04 of 2nd period - Stopped by John Gibson without a rebound.
10:05 of 2nd period - Tyler Seguin wins face-off versus Tomas Hertl in Devils zone.
10:52 of 2nd period - Snap shot by Milan Lucic.
10:52 of 2nd period - Stopped by John Gibson without a rebound.
10:53 of 2nd period - Ryan Johansen wins face-off versus James Neal in Devils zone.
11:09 of 2nd period - Slapshot by Johnny Gaudreau.
11:09 of 2nd period - Shot Blocked by Mark Fistric.
11:19 of 2nd period - Rostislav Olesz is hit by Matt Read and loses puck.
11:56 of 2nd period - Kyle Okposo is hit by Johnny Gaudreau.
12:08 of 2nd period - Minor Penalty to Nikita Kucherov for Holding.
12:09 of 2nd period - Patrice Bergeron wins face-off versus Ryan Johansen in Devils zone.
12:41 of 2nd period - Ladislav Smid is hit by Luke Schenn and loses puck.
12:54 of 2nd period - Slapshot by Travis Hamonic.
12:54 of 2nd period - Stopped by Frederik Andersen without a rebound.
12:55 of 2nd period - Tyler Bozak wins face-off versus Patrice Bergeron in Rangers zone.
13:22 of 2nd period - Slapshot by Cam Barker.
13:22 of 2nd period - Shot Misses the Net.
13:24 of 2nd period - Slapshot by Mark Fistric.
13:24 of 2nd period - Shot Misses the Net.
13:26 of 2nd period - Wrist shot by Kyle Okposo.
13:26 of 2nd period - Goal by Kyle Okposo - Devils : 1 - Rangers : 2.
13:27 of 2nd period - Tyler Seguin wins face-off versus Sean Couturier in neutral zone.
13:53 of 2nd period - Cam Barker is hit by Johnny Gaudreau.
14:18 of 2nd period - Icing by Matt Read.
14:19 of 2nd period - Cody Hodgson wins face-off versus Maxime Sauvé in Rangers zone.
15:36 of 2nd period - Wrist shot by Kellan Lain.
15:36 of 2nd period - Stopped by Frederik Andersen without a rebound.
15:37 of 2nd period - Ryan Johansen wins face-off versus Sean Couturier in Rangers zone.
15:40 of 2nd period - Snap shot by Johnny Gaudreau.
15:40 of 2nd period - Deflect By Cam Barker.
15:40 of 2nd period - Shot Misses the Net.
15:40 of 2nd period - Puck is out of play.
15:41 of 2nd period - Sean Couturier wins face-off versus Ryan Johansen in Rangers zone.
15:41 of 2nd period - Sean Couturier is hit by Johnny Gaudreau.
15:50 of 2nd period - Slapshot by Luke Schenn.
15:50 of 2nd period - Deflect By Viktor Arvidsson.
15:50 of 2nd period - Stopped by John Gibson without a rebound.
15:51 of 2nd period - Ryan Johansen wins face-off versus Sean Couturier in Devils zone.
16:26 of 2nd period - Wrist shot by Kyle Okposo.
16:26 of 2nd period - Deflect By Milan Lucic.
16:26 of 2nd period - Shot Misses the Net.
16:26 of 2nd period - Puck is out of play.
16:27 of 2nd period - Ryan Johansen wins face-off versus Tomas Hertl in Devils zone.
16:34 of 2nd period - Wrist shot by Viktor Arvidsson.
16:34 of 2nd period - Stopped by Frederik Andersen without a rebound.
16:35 of 2nd period - Ryan Johansen wins face-off versus Tomas Hertl in Rangers zone.
16:42 of 2nd period - Wrist shot by Ryan Johansen.
16:42 of 2nd period - Shot Misses the Net.
16:44 of 2nd period - Slapshot by Ladislav Smid.
16:44 of 2nd period - Stopped by Frederik Andersen with a rebound.
16:49 of 2nd period - Minor Penalty to Milan Lucic for Hooking.
16:50 of 2nd period - Patrice Bergeron wins face-off versus Ryan Johansen in Rangers zone.
17:06 of 2nd period - Slapshot by Johnny Gaudreau.
17:06 of 2nd period - Shot Blocked by Patrice Bergeron.
17:27 of 2nd period - Wrist shot by Tyler Seguin.
17:27 of 2nd period - Stopped by Frederik Andersen with a rebound.
17:45 of 2nd period - Backhand shot by Sean Couturier.
17:45 of 2nd period - Shot Blocked by Ladislav Smid.
17:47 of 2nd period - Snap shot by Sean Couturier.
17:47 of 2nd period - Stopped by John Gibson with a rebound.
17:49 of 2nd period - Slapshot by Colten Teubert.
17:49 of 2nd period - Shot Blocked by Tyler Seguin.
18:23 of 2nd period - Carl Gunnarsson is hit by Matt Read and loses puck.
18:49 of 2nd period - Penalty to Milan Lucic is over, Milan Lucic is back on ice.
18:58 of 2nd period - Ryan Johansen is hit by Kyle Okposo and loses puck.
19:03 of 2nd period - Slapshot by Kyle Okposo.
19:03 of 2nd period - Shot Blocked by Ryan Johansen.
19:05 of 2nd period - Snap shot by Milan Lucic.
19:05 of 2nd period - Goal by Milan Lucic - Devils : 1 - Rangers : 3.
19:06 of 2nd period - Sean Couturier wins face-off versus Rostislav Olesz in neutral zone.
19:42 of 2nd period - Snap shot by Kellan Lain.
19:42 of 2nd period - Shot Blocked by Luke Schenn.
19:54 of 2nd period - Nikita Kucherov is hit by Matt Read and loses puck.
Goals for this period are 0 for Devils vs 2 for Rangers.
Shots for this period are 10 for Devils vs 16 for Rangers.
3rd period
0:01 of 3rd period - Sean Couturier wins face-off versus Ryan Johansen in neutral zone.
0:48 of 3rd period - Maxime Sauvé is hit by Marian Hossa and loses puck.
1:20 of 3rd period - Minor Penalty to James Neal for Tripping.
1:21 of 3rd period - Ryan Johansen wins face-off versus Patrice Bergeron in Rangers zone.
1:47 of 3rd period - Milan Lucic is hit by Gabriel Landeskog and loses puck.
2:00 of 3rd period - Mark Fistric is hit by Pernell Karl Subban and loses puck.
3:20 of 3rd period - Penalty to James Neal is over, James Neal is back on ice.
3:47 of 3rd period - Marian Hossa is hit by Tomas Hertl and loses puck.
4:00 of 3rd period - Magnus Paajarvi-Svensson is hit by Kellan Lain and loses puck.
4:05 of 3rd period - Wrist shot by Kellan Lain.
4:05 of 3rd period - Deflect By Tyler Bozak.
4:05 of 3rd period - Shot Blocked by Matt Read.
4:05 of 3rd period - Puck is out of play.
4:06 of 3rd period - Patrice Bergeron wins face-off versus Tyler Bozak in Rangers zone.
4:21 of 3rd period - Wrist shot by Patrice Bergeron.
4:21 of 3rd period - Stopped by John Gibson with a rebound.
4:59 of 3rd period - Kyle Okposo is hit by Viktor Arvidsson and loses puck.
5:23 of 3rd period - Off-side.
5:24 of 3rd period - Cody Hodgson wins face-off versus Patrice Bergeron in neutral zone.
5:43 of 3rd period - Minor Penalty to Brandon Burlon for Roughing.
5:44 of 3rd period - Patrice Bergeron wins face-off versus Ryan Johansen in Devils zone.
5:47 of 3rd period - Wrist shot by Jakob Silfverberg.
5:47 of 3rd period - Stopped by John Gibson with a rebound.
7:43 of 3rd period - Penalty to Brandon Burlon is over, Brandon Burlon is back on ice.
7:45 of 3rd period - Snap shot by Kyle Okposo.
7:45 of 3rd period - Shot Blocked by Pernell Karl Subban.
7:47 of 3rd period - Wrist shot by James Neal.
7:47 of 3rd period - Shot Misses the Net.
7:49 of 3rd period - Backhand shot by Kyle Okposo.
7:49 of 3rd period - Stopped by John Gibson with a rebound.
7:55 of 3rd period - Snap shot by Sean Couturier.
7:55 of 3rd period - Shot Misses the Net.
7:57 of 3rd period - Wrist shot by Sean Couturier.
7:57 of 3rd period - Stopped by John Gibson with a rebound.
8:23 of 3rd period - Wrist shot by James Neal.
8:23 of 3rd period - Stopped by John Gibson with a rebound.
8:25 of 3rd period - Slapshot by Mark Fistric.
8:25 of 3rd period - Deflect By Sean Couturier.
8:25 of 3rd period - Stopped by John Gibson with a rebound.
8:27 of 3rd period - Snap shot by Cam Barker.
8:27 of 3rd period - Stopped by John Gibson without a rebound.
8:28 of 3rd period - Tyler Seguin wins face-off versus Patrice Bergeron in Devils zone.
8:35 of 3rd period - Wrist shot by Gabriel Landeskog.
8:35 of 3rd period - Shot Misses the Net.
8:55 of 3rd period - Kellan Lain is hit by Colten Teubert and loses puck.
9:11 of 3rd period - Icing by Ladislav Smid.
9:12 of 3rd period - Patrice Bergeron wins face-off versus Tyler Seguin in Devils zone.
9:19 of 3rd period - Slapshot by Ladislav Smid.
9:19 of 3rd period - Deflect By Gabriel Landeskog.
9:19 of 3rd period - Shot Blocked by Gustav Nyquist.
9:19 of 3rd period - Puck is out of play.
9:20 of 3rd period - Nikita Kucherov wins face-off versus Patrice Bergeron in Rangers zone.
9:27 of 3rd period - Snap shot by Tyler Seguin.
9:27 of 3rd period - Shot Misses the Net.
9:33 of 3rd period - Carl Gunnarsson is hit by Gustav Nyquist and loses puck.
10:12 of 3rd period - Magnus Paajarvi-Svensson is hit by Ladislav Smid and loses puck.
10:17 of 3rd period - Wrist shot by Nikita Kucherov.
10:17 of 3rd period - Deflect By Luke Schenn.
10:17 of 3rd period - Shot Misses the Net.
10:17 of 3rd period - Puck is out of play.
10:18 of 3rd period - Tyler Bozak wins face-off versus Patrice Bergeron in Rangers zone.
10:19 of 3rd period - Snap shot by Anthony Stewart.
10:19 of 3rd period - Stopped by Frederik Andersen with a rebound.
10:29 of 3rd period - Wrist shot by Milan Lucic.
10:29 of 3rd period - Shot Misses the Net.
10:31 of 3rd period - Slapshot by Matt Greene.
10:31 of 3rd period - Shot Blocked by Anthony Stewart.
10:33 of 3rd period - Slapshot by Matt Greene.
10:33 of 3rd period - Stopped by John Gibson without a rebound.
10:34 of 3rd period - Johnny Gaudreau wins face-off versus Tomas Hertl in Devils zone.
10:56 of 3rd period - Johnny Gaudreau is hit by Mark Fistric and loses puck.
11:09 of 3rd period - Slapshot by Johnny Gaudreau.
11:09 of 3rd period - Goal by Johnny Gaudreau - Devils : 2 - Rangers : 3.
11:10 of 3rd period - Tyler Seguin wins face-off versus Sean Couturier in neutral zone.
11:48 of 3rd period - Slapshot by Gabriel Landeskog.
11:48 of 3rd period - Shot Misses the Net.
12:13 of 3rd period - Ryan Johansen is hit by Patrik Nemeth and loses puck.
12:26 of 3rd period - Rostislav Olesz is hit by Colten Teubert and loses puck.
12:47 of 3rd period - Slapshot by Kellan Lain.
12:47 of 3rd period - Stopped by Frederik Andersen without a rebound.
12:48 of 3rd period - Patrice Bergeron wins face-off versus Anthony Stewart in Rangers zone.
13:13 of 3rd period - Tobias Enstrom is hit by Sean Couturier and loses puck.
13:37 of 3rd period - Icing by Tomas Hertl.
13:38 of 3rd period - Tomas Hertl wins face-off versus Cody Hodgson in Rangers zone.
13:38 of 3rd period - Tomas Hertl is hit by Rostislav Olesz.
13:51 of 3rd period - Slapshot by Mark Fistric.
13:51 of 3rd period - Stopped by John Gibson with a rebound.
14:05 of 3rd period - Slapshot by Luke Schenn.
14:05 of 3rd period - Deflect By Magnus Paajarvi-Svensson.
14:05 of 3rd period - Stopped by John Gibson without a rebound.
14:06 of 3rd period - Ryan Johansen wins face-off versus Maxime Sauvé in Devils zone.
14:06 of 3rd period - Ryan Johansen is hit by Cam Barker.
14:16 of 3rd period - Snap shot by Magnus Paajarvi-Svensson.
14:16 of 3rd period - Stopped by John Gibson with a rebound.
14:30 of 3rd period - Nikita Kucherov is hit by Luke Schenn and loses puck.
14:56 of 3rd period - Icing by Cam Barker.
14:57 of 3rd period - Maxime Sauvé wins face-off versus Ryan Johansen in Rangers zone.
15:01 of 3rd period - Minor Penalty to Travis Hamonic for Tripping.
15:02 of 3rd period - Patrice Bergeron wins face-off versus Ryan Johansen in Devils zone.
15:14 of 3rd period - Snap shot by Rostislav Olesz.
15:14 of 3rd period - Stopped by Frederik Andersen with a rebound.
15:25 of 3rd period - Icing by Tomas Hertl.
15:26 of 3rd period - Sean Couturier wins face-off versus Ryan Johansen in Rangers zone.
15:28 of 3rd period - Icing by Tomas Hertl.
15:29 of 3rd period - Rostislav Olesz wins face-off versus Sean Couturier in Rangers zone.
17:01 of 3rd period - Penalty to Travis Hamonic is over, Travis Hamonic is back on ice.
17:50 of 3rd period - Matt Greene is hit by Travis Hamonic and loses puck.
18:19 of 3rd period - Wrist shot by Cody Hodgson.
18:19 of 3rd period - Stopped by Frederik Andersen without a rebound.
18:20 of 3rd period - Maxime Sauvé wins face-off versus Cody Hodgson in Rangers zone.
18:45 of 3rd period - Devils, John Gibson is pulled from the net.
19:07 of 3rd period - Slapshot by Kyle Okposo.
19:07 of 3rd period - Shot Misses the Net.
19:09 of 3rd period - Snap shot by Kyle Okposo.
19:09 of 3rd period - Shot Misses the Net.
19:13 of 3rd period - Snap shot by Jakob Silfverberg.
19:13 of 3rd period - Goal by Jakob Silfverberg - Devils : 2 - Rangers : 4.
19:13 of 3rd period - John Gibson from Devils was sent back in the game.
19:14 of 3rd period - Cody Hodgson wins face-off versus Patrice Bergeron in neutral zone.
19:23 of 3rd period - Slapshot by Cody Hodgson.
19:23 of 3rd period - Stopped by Frederik Andersen without a rebound.
19:24 of 3rd period - Cody Hodgson wins face-off versus Patrice Bergeron in Rangers zone.
19:31 of 3rd period - Wrist shot by Rostislav Olesz.
19:31 of 3rd period - Stopped by Frederik Andersen with a rebound.
19:44 of 3rd period - Wrist shot by Rostislav Olesz.
19:44 of 3rd period - Shot Misses the Net.
Goals for this period are 1 for Devils vs 1 for Rangers.
Shots for this period are 7 for Devils vs 12 for Rangers.
Back to the Top